 Dungeon Crawl Stone Soup version 0.18-a0-1300-g6e8322c (webtiles) character file.

11 ololoev the Magician (level 2, 15/15 HPs)
             Began as a Deep Elf Fire Elementalist on Feb 11, 2016.
             Was a Follower of Dithmenos.
             Quit the game on level 3 of the Dungeon.
             The game lasted 00:01:24 (255 turns).

ololoev the Magician (Deep Elf Fire Elementalist)    Turns: 255, Time: 00:01:25

Health: 15/15      AC:  3    Str:  5    XL:     2   Next: 13%
Magic:  5/8        EV: 13    Int: 19    God:    Dithmenos [*.....]
Gold:   29         SH:  0    Dex: 15    Spells: 1 memorised, 6 levels left

rFire  . . .     SeeInvis .     (no weapon)
rCold  . . .     Gourm    .     a - +0 robe
rNeg   . . .     Faith    .     (no shield)
rPois  .         Spirit   .     (no helmet)
rElec  .         Dismiss  .     (no cloak)
rCorr  .         Reflect  .     g - +0 pair of gloves
SustAt .         Harm     .     (no boots)
MR     .....                    (no amulet)
Stlth  ++........               (no ring)
                                (no ring)

@: wreathed by umbra, not resistant to hostile enchantments, unstealthy
A: no striking features
a: Renounce Religion

Inventory:

Armour
 a - a +0 robe (worn)
 g - a +0 pair of gloves (worn)
Wands
 h - a wand of teleportation (2/9)
Scrolls
 i - a scroll of identify {unknown}
Potions
 e - a potion of curing {unknown}
 f - a potion of degeneration {unknown}
Books
 b - a book of Flames

   Spells                             Type                      Level
   a - Flame Tongue                   Conjuration/Fire             1
   b - Throw Flame                    Conjuration/Fire             2
   c - Conjure Flame                  Conjuration/Fire             3
   d - Inner Flame                    Hexes/Fire                   3
   e - Sticky Flame                   Conjuration/Fire             4
   f - Fireball                       Conjuration/Fire             5
   Dithmenos disapproves of the use of such an item.
Comestibles
 c - a bread ration
 d - a beef jerky


   Skills:
 - Level 2.4 Dodging
 - Level 2.4 Stealth
 + Level 3.4 Spellcasting
 * Level 1.7 Conjurations
 + Level 3.4 Fire Magic


You had 6 spell levels left.
You knew the following spells:

 Your Spells              Type           Power        Failure   Level  Hunger
a - Flame Tongue          Conj/Fire      ##...        8%          1    None


You were on level 3 of the Dungeon.
You worshipped Dithmenos.
Dithmenos was aware of your devotion.
You were not hungry.

You visited 1 branch of the dungeon, and saw 3 of its levels.

You collected 29 gold pieces.

## #################
### #...............#
... #...............#
###.###..........[....#
.......................
#...................#
#...#..####.........#
#..#@#.# #.........#
#...#....############
#........# #.#......#
...##....g# .## #.....#
. ....# .####

Notes
Turn   | Place    | Note
--------------------------------------------------------------
     0 | D:1      | ololoev the Deep Elf Fire Elementalist began the quest for the Orb.
     0 | D:1      | Reached XP level 1. HP: 10/10 MP: 6/6
   234 | D:3      | Reached XP level 2. HP: 15/15 MP: 4/8
   246 | D:3      | Found a faded altar to an unknown god.
   255 | D:3      | Became a worshipper of Dithmenos the Shadowed
   255 | D:3      | Reached * piety under Dithmenos
   255 | D:3      | Quit the game

Dungeon Overview and Level Annotations

Branches:
Dungeon (3/15)

Altars:
Dithmenos


Message History

Press: ? - help, Shift-Dir - straight line, f - giant cockroach
Aim: a giant cockroach (resting)
The flame tongue hits the giant cockroach.
You kill the giant cockroach!
A giant gecko comes into view.
Found a scroll labeled VEAGOD QIMPIU.
Casting: Flame Tongue
Confirm with . or Enter, or press ? or * to list all spells.
Aiming: Flame Tongue
Press: ? - help, Shift-Dir - straight line, f - giant gecko
Aim: a giant gecko (clinging, resting)
The flame tongue hits the giant gecko.
The giant gecko is heavily wounded.
Casting: Flame Tongue
Confirm with . or Enter, or press ? or * to list all spells.
Aiming: Flame Tongue
Press: ? - help, Shift-Dir - straight line, f/p - giant gecko
Aim: a giant gecko (heavily wounded)
The flame tongue hits the giant gecko.
You kill the giant gecko!
You have reached level 2!
i - a scroll labeled VEAGOD QIMPIU You see here a robe.
A hobgoblin comes into view.
Found a faded altar to an unknown god.
Casting: Flame Tongue
Confirm with . or Enter, or press ? or * to list all spells.
Aiming: Flame Tongue
Press: ? - help, Shift-Dir - straight line, f - hobgoblin
Aim: a hobgoblin (resting)
The flame tongue hits the hobgoblin.
You kill the hobgoblin!
A hobgoblin comes into view. It is wielding a club.
There is a faded altar to an unknown god here.
This altar will convert you to a god.
You cannot discern which.
Do you pray? Dithmenos accepts your prayer! Dithmenos welcomes you!
You are shrouded in an aura of darkness!
Unknown command.
Are you sure you want to abandon this character and quit the game? (Confirm with "yes".)

You could see a hobgoblin (sleeping).

Vanquished Creatures
  A giant gecko (D:3)
  A bat (D:1)
  A giant cockroach (D:3)
  2 hobgoblins (D:3)
  A quokka (D:2)
  A kobold (D:1)
  2 rats
9 creatures vanquished.

Vanquished Creatures (others)
  A hobgoblin (D:2)
1 creature vanquished.

Grand Total: 10 creatures vanquished

Action                   || total
-------------------------++-------
 Cast: Flame Tongue      ||    12

Vault maps used:
D:1:      dpeg_arrival_chambers_temple_mockup, kennysheep_crisscross,
          minmay_gold_behind_fungi, minmay_bisected
D:2:      fiery_altar_vehumet
D:3:      ecumenical_altar_1, minmay_misc_feat_cross, minmay_misc_feat_rows,
          nicolae_qazlal_general_emergency
